 Dungeon Crawl Stone Soup version 0.29-a0-841-g116ddc6ace (webtiles) character file.

Game seed: 9710659014206185662

61 kae the Firebug (level 3, -1/26 HPs)
             Began as a Demigod Fire Elementalist on July 14, 2022.
             Slain by a hobgoblin (2 damage)
             ... on level 2 of the Dungeon.
             The game lasted 00:02:20 (1768 turns).

kae the Firebug (Demigod Fire Elementalist)         Turns: 1768, Time: 00:02:21

Health: -1/26      AC:  2    Str:  9    XL:     3   Next: 58%
Magic:  0/9        EV: 12    Int: 21    God:
Gold:   23         SH:  0    Dex: 14    Spells: 3/6 levels left

rFire   . . .      SeeInvis .   q - +0 spear
rCold   . . .      Faith    .   (no shield)
rNeg    . . .      Spirit   +   a - +0 robe
rPois   .          Reflect  .   (no helmet)
rElec   .          Harm     .   (no cloak)
rCorr   .          Rampage  .   (no gloves)
Will    .....                   (no boots)
Stlth   ++........              G - amulet of guardian spirit
HPRegen 0.08/turn               (no ring)
MPRegen 0.11/turn               (no ring)

@: mighty
A: high MP 1, forlorn, divine attributes
a: no special abilities


You were on level 2 of the Dungeon.
You visited 1 branch of the dungeon, and saw 2 of its levels.

You collected 23 gold pieces.


Innate Abilities, Weirdness & Mutations

You have an increased reservoir of magic. (+10% MP)
You shall have no god before yourself.
Your divine heritage dramatically boosts your attributes as you level up.


   Skills:
 - Level 1.7 Dodging
 - Level 1.7 Stealth
 + Level 2.2 Spellcasting
 * Level 2.2 Conjurations
 * Level 3.4 Fire Magic


You had 3 spell levels left.
You knew the following spells:

 Your Spells              Type           Power      Damage    Failure   Level
a - Foxfire               Conj/Fire      56%        2x1d6     4%          1
b - Scorch                Fire           32%        2d7       5%          2

Your spell library contained the following spells:

 Spells                   Type           Power      Damage    Failure   Level
 Conjure Flame            Conj/Fire      14%        6-21      14%         3
 Inner Flame              Hex/Fire       9%         N/A       22%         3
 Flame Wave               Conj/Fire      14%        2d6       41%         4

Inventory:

Hand Weapons
 q - a +0 spear (weapon)
   (You found it on level 1 of the Dungeon)
Missiles
 e - 3 stones
 p - 2 poisoned darts
Armour
 a - a +0 robe (worn)
 h - a +0 robe
   (You found it on level 1 of the Dungeon)
 i - a +0 scale mail
   (You found it on level 1 of the Dungeon)
 j - a +0 robe
   (You found it on level 1 of the Dungeon)
 k - a +0 leather armour
   (You found it on level 1 of the Dungeon)
 n - a +0 ring mail
   (You found it on level 1 of the Dungeon)
Jewellery
 G - an amulet of guardian spirit (around neck)
   (You found it on level 1 of the Dungeon)
Scrolls
 c - a scroll of teleportation {unknown}
 f - 2 scrolls of immolation {unknown}
 g - 4 scrolls of identify {unknown}
 l - a scroll of amnesia {unknown}
 o - a scroll of magic mapping {unknown}
Potions
 b - a potion of magic
 d - a potion of curing {unknown}

Dungeon Overview and Level Annotations

Branches:
Dungeon (2/15) Zot: 10227

#....... #..#####
#..#.... # #..#.### #?
#..#.#
###.###...#####>.#.###
#.....#..........#...#
#.###g###.#####..###.#
#@..g.... #.## #..
#B###.##. #.# ### ..#
#.# .### #.# #. #.# #
#.#


You could see a giant cockroach and 2 hobgoblins.


Message History

You lost 1 mp, and now have 3/8 mp.
Casting: Foxfire (safe; 4% risk of failure)
Confirm with . or Enter, or press ? or * to list all spells.
You conjure some foxfire!
The foxfire hits the worm. x2 😎 MP[-1]
You lost 1 mp, and now have 2/8 mp.
Casting: Foxfire (safe; 4% risk of failure)
Confirm with . or Enter, or press ? or * to list all spells.
You conjure some foxfire!
The foxfire hits the worm. x2
You kill the worm! 😎 MP[-1]
You lost 1 mp, and now have 1/8 mp.
Casting: Foxfire (safe; 4% risk of failure)
Confirm with . or Enter, or press ? or * to list all spells.
You miscast Foxfire.
You are very lightly contaminated with residual magic.
Nothing appears to happen. 😎 MP[-1]
You lost 1 mp, and now have 0/8 mp.
You aren't carrying any items that you can evoke.
Okay, then.
Okay, then.
Okay, then. 😎 MP[+1]
The gnoll hits you with a +0 flail. 😕 HP[-4]
You take 4 damage, and now have 22/26 hp.
The gnoll attacks as you move away! The gnoll barely misses you.
The gnoll attacks as you move away!
The gnoll hits you with a +0 flail. 😮 HP[-3]
You take 3 damage, and now have 19/26 hp.
Your magical contamination has completely faded away.
The gnoll attacks as you move away! The gnoll barely misses you.
A bat comes into view.
The gnoll attacks as you move away! The gnoll hits you with a +0 flail!
* * * LOW HITPOINT WARNING * * *
The bat hits you but does no damage. 😨 HP[-7] MP[+1]
You take 7 damage, and now have 12/26 hp.
MASSIVE DAMAGE!! (PAUSE)
The bat barely misses you. The bat closely misses you. 😨 HP[+1]
The bat hits you but does no damage. The bat attacks as you move away!
The bat closely misses you. The bat barely misses you. The bat hits you.
* * * LOW HITPOINT WARNING * * *
😨 HP[-1]
You take 1 damage, and now have 12/26 hp.
The bat attacks as you move away! The bat barely misses you.
The bat hits you but does no damage. The bat hits you.
* * * LOW HITPOINT WARNING * * *
😨 HP[-1]
You take 1 damage, and now have 11/26 hp. 😨 MP[+1] 😨 HP[+1]
Casting: Foxfire (safe; 4% risk of failure)
Confirm with . or Enter, or press ? or * to list all spells.
Flames lash the gnoll.
The gnoll's fire resistance burns away.
The gnoll hits you with a +0 flail!
* * * LOW HITPOINT WARNING * * *
😱 HP[-8] MP[-3]
You take 8 damage, and now have 4/26 hp.
MASSIVE DAMAGE!! (PAUSE)
You lost 3 mp, and now have 0/8 mp.
Really walk into that teleport trap?
You enter a teleport trap!
The teleport trap disappears.
Your surroundings suddenly seem different.
A hobgoblin and an endoplasm come into view. 😱 MP[+1]
The endoplasm quivers.
The endoplasm hits you.
* * * LOW HITPOINT WARNING * * *
😱 HP[-1]
You take 1 damage, and now have 3/26 hp.
It was a potion of might.
You feel very mighty all of a sudden.
The hobgoblin shouts!
You puncture the endoplasm!
You kill the endoplasm!
You hear a shout!
A giant cockroach comes into view.
The hobgoblin drinks a potion.
The hobgoblin seems to speed up.
A hobgoblin comes into view.
You closely miss the giant cockroach. The giant cockroach bites you.
* * * LOW HITPOINT WARNING * * *
The hobgoblin misses you. The giant cockroach bites you.
* * * LOW HITPOINT WARNING * * *
😱 HP[-2] MP[-1]
You take 2 damage, and now have 1/26 hp.
You lost 1 mp, and now have 0/9 mp.
The hobgoblin shouts!
You hit the hobgoblin. The hobgoblin hits you.
You die...

Skill      XL: |  1  2  3 |
---------------+----------+-----
Conjurations   | 1 2 |  2.2
Fire Magic     | 3 |  3.4
Spellcasting   | 2 |  2.2
Dodging        | |  1.7
Stealth        | |  1.7

Action                   || total
-------------------------++-------
Melee: Unarmed           ||     1
       Spear             ||     7
 Cast: Foxfire           ||    55
       Scorch            ||    16
  Use: Potion            ||     1
Armor: Robe              ||     7
Dodge: Dodged            ||    25

Levels and vault maps discovered:
D:1:      minmay_arrival_four_loops, layout_basic
D:2:      kb_forest_paths, layout_basic, chequers_ecumenical_altar_simple,
          minmay_quantized

Notes
Turn   | Place    | Note
-------+----------+-------------------------------------------
     0 | D:1      | kae the Demigod Fire Elementalist began the quest for the
                  | Orb.
     0 | D:1      | Reached XP level 1. HP: 14/14 MP: 5/5
     0 | D:1      | magus.rc [v1.11.3]
    20 | D:1      | Reached skill level 1 in Conjurations
   401 | D:1      | Reached skill level 3 in Fire Magic
   401 | D:1      | Reached XP level 2. HP: 15/20 MP: 4/7
   425 | D:1      | Learned a level 2 spell: Scorch
   495 | D:1      | Reached skill level 2 in Spellcasting
  1333 | D:2      | Reached XP level 3. HP: 21/26 MP: 0/8
  1559 | D:2      | Reached skill level 2 in Conjurations
  1761 | D:2      | HP: 4/26 [gnoll/+0 flail (8)]
  1767 | D:2      | HP: 2/26 [giant cockroach (1)]
  1768 | D:2      | Slain by a hobgoblin

Vanquished Creatures
  An adder (D:2)
  2 worms
  2 dart slugs
  3 ball pythons (D:1)
  3 bats (D:2)
  5 endoplasms
  A giant cockroach (D:1)
  A goblin (D:1)
  5 hobgoblins
  7 jackals
  A quokka (D:1)
  3 frilled lizards
  3 kobolds (D:1)
  2 rats (D:1)
39 creatures vanquished.

Vanquished Creatures (others)
  92 foxfires
92 creatures vanquished.

Grand Total: 131 creatures vanquished

Table legend:
 A = Non-vault XP
 B = Vault XP
 C = Vault XP percentage of total XP
 D = Non-vault monster count
 E = Vault monster count
 F = Vault count percentage of total count
                 A         B        C        D         E       F
            +---------+---------+-------+---------+---------+-------
      Total |      86 |       2 |   2.3 |      38 |       1 |   2.6
            +---------+---------+-------+---------+---------+-------
        D:1 |      41 |       0 |   0.0 |      22 |       0 |   0.0
        D:2 |      45 |       2 |   4.3 |      16 |       1 |   5.9
            +---------+---------+-------+---------+---------+-------

Illustrated notes

Table legend:
 A = Kills in this place as a percentage of kills in entire the game.
 B = Kills by you in this place as a percentage of kills by you in the entire game.
 C = Kills by friends in this place as a percentage of kills by friends in the entire game.
 D = Other kills in this place as a percentage of other kills in the entire game.
 E = Experience gained in this place as a percentage of experience gained in the entire game.
 F = Experience gained in this place divided by the number of levels of this place that you have seen.
                   A       B       C       D       E      F
               +-------+-------+-------+-------+-------+----------------------
         Total | 100.0 | 100.0 |   N/A |   N/A | 100.0 |  44.0
       Dungeon | 100.0 | 100.0 |   N/A |   N/A | 100.0 |  44.0
               +-------+-------+-------+-------+-------+----------------------

Table legend: (Time is in decaauts)
 A = Elapsed time spent in this place.
 B = Non-inter-level travel time spent in this place.
 C = Inter-level travel time spent in this place.
 D = Time resting spent in this place.
 E = Time spent auto-exploring this place.
 F = Levels seen in this place.
 G = Mean time per level.
                   A        B        C        D        E       F      G
               +--------+--------+--------+--------+--------+-----+--------+
         Total |   1771 |   1703 |     68 |    360 |   1015 |   2 |  885.5 |
       Dungeon |   1771 |   1703 |     68 |    360 |   1015 |   2 |  885.5 |
               +--------+--------+--------+--------+--------+-----+--------+

Top non-repeatable levels by time:
     D:1: 1357 daAuts
     D:2: 413 daAuts
